PCL
SAN JOSE MISSIONS @ GRESHAM GOLD SOULS
04/09/2026
 
TOP OF THE 1ST
San Jose Missions batting - Pitching for Gresham Gold Souls : RHP Isaac Coleman
Pitching: RHP Isaac Coleman
Batting: RHB Peyton Pennington 0-0: Called Strike
0-1: Ground out 3-1 (Groundball, 34)
Batting: RHB Jorge Díaz 0-0: Foul Ball, location: 2F
0-1: Ball
1-1: SINGLE (Line Drive, 7LS)
Batting: RHB Scott Merritt 0-0: Fly out, F8 (Flyball, 89D)
Batting: RHB Dale Taylor 0-0: Swinging Strike
0-1: 2-RUN HOME RUN (Flyball, 7D), Distance : 371 ft
Batting: LHB Mel Jones 0-0: Ball
1-0: Called Strike
1-1: Foul Ball, location: 2F
1-2: Foul Ball, location: 2F
1-2: Ball
2-2: Strikes out swinging
Top of the 1st over - 2 run(s), 2 hit(s), 0 error(s), 0 left on base; San Jose 2 - Gresham 0
BOTTOM OF THE 1ST
Gresham Gold Souls batting - Pitching for San Jose Missions : RHP José Reyes
Pitching: RHP José Reyes
Batting: RHB Carlos García 0-0: Called Strike
0-1: Called Strike
0-2: Strikes out looking
Batting: RHB Jesús Gutiérrez 0-0: Ball
1-0: Ball
2-0: Called Strike
2-1: Foul Ball, location: 2F
2-2: SINGLE (Line Drive, 34)
Batting: RHB Lorenzo Morín 0-0: Foul Ball, location: 2F
0-1: Called Strike
Throwing error on steal attempt, E2
Jesús Gutiérrez to third
0-2: Ball
1-2: Ball
2-2: Fly out, F9 (Flyball, 9M)
Runner from 3rd tags up, OUT at HOME
Bottom of the 1st over - 0 run(s), 1 hit(s), 1 error(s), 0 left on base; San Jose 2 - Gresham 0
TOP OF THE 2ND
San Jose Missions batting - Pitching for Gresham Gold Souls : RHP Isaac Coleman
Batting: RHB Andrew Benson 0-0: Ball
1-0: Ball
2-0: Fly out, F7 (Flyball, 78D)
Batting: RHB Irwin Duncan 0-0: Called Strike
0-1: Foul Ball, location: 2F
0-2: Ball
1-2: Strikes out swinging
Batting: RHB Culley Douglas 0-0: Fly out, F3 (Popup, 3F)
Top of the 2nd over - 0 run(s), 0 hit(s), 0 error(s), 0 left on base; San Jose 2 - Gresham 0
BOTTOM OF THE 2ND
Gresham Gold Souls batting - Pitching for San Jose Missions : RHP José Reyes
Batting: RHB Pablo Lucero 0-0: Ball
1-0: Ball
2-0: Ball
3-0: Base on Balls
Batting: RHB Peter Hensley 0-0: Called Strike
0-1: Called Strike
0-2: Ball
1-2: SINGLE (Groundball, 6MD)
Pablo Lucero to second
Batting: RHB Matt Davidson 0-0: Ball
1-0: Foul Ball, location: 2F
1-1: Ball
2-1: Foul Ball, location: 2F
2-2: Ball
3-2: Foul Ball, location: 2F
3-2: Base on Balls
Pablo Lucero to third
Peter Hensley to second
Batting: LHB Salvador Ruíz 0-0: Called Strike
0-1: Called Strike
0-2: Ball
1-2: Grounds into double play, 6-4-3 (Groundball, 6M)
Pablo Lucero scores
Peter Hensley to third
Batting: RHB Luke McIndoe 0-0: Ball
Balk!
Peter Hensley scores
1-0: Foul Ball, location: 2F
1-1: Swinging Strike
1-2: Ball
2-2: Foul Ball, location: 2F
2-2: Foul Ball, location: 2F
2-2: Ball
3-2: Foul Ball, location: 2F
3-2: Fly out, F6 (Popup, 56)
Bottom of the 2nd over - 2 run(s), 1 hit(s), 0 error(s), 0 left on base; San Jose 2 - Gresham 2
TOP OF THE 3RD
San Jose Missions batting - Pitching for Gresham Gold Souls : RHP Isaac Coleman
Batting: RHB Dale O'Feennaghty 0-0: Ball
1-0: Foul Ball, location: 2F
1-1: Foul Ball, location: 2F
1-2: Ball
2-2: Ball
3-2: Foul Ball, location: 2F
3-2: Base on Balls
Batting: RHB Peyton Pennington 0-0: Foul Ball, location: 2F
0-1: Grounds into double play, 4-6-3 (Groundball, 4)
Batting: RHB Jorge Díaz 0-0: Called Strike
0-1: Ball
1-1: Foul Ball, location: 2F
1-2: Ball
2-2: Ground out 4-3 (Groundball, 4)
Top of the 3rd over - 0 run(s), 0 hit(s), 0 error(s), 0 left on base; San Jose 2 - Gresham 2
BOTTOM OF THE 3RD
Gresham Gold Souls batting - Pitching for San Jose Missions : RHP José Reyes
Batting: LHB Jeff Doss 0-0: Ball
1-0: Ball
2-0: Ball
3-0: Called Strike
3-1: Base on Balls
Batting: RHB Carlos García 0-0: Fly out, F8 (Flyball, 8LD)
Batting: RHB Jesús Gutiérrez 0-0: Ball
1-0: Foul Ball, location: 2F
1-1: Ball
2-1: Called Strike
2-2: Ball
3-2: Base on Balls
Jeff Doss to second
Batting: RHB Lorenzo Morín 0-0: Ball
1-0: Fly out, F8 (Line Drive, 8LM)
Batting: RHB Pablo Lucero 0-0: Ball
1-0: Ball
2-0: Foul Ball, location: 2F
2-1: Ball
3-1: Foul Ball, location: 2F
3-2: Foul Ball, location: 2F
3-2: Foul Ball, location: 2F
3-2: Base on Balls
Jeff Doss to third
Jesús Gutiérrez to second
Batting: RHB Peter Hensley 0-0: Called Strike
0-1: Fly out, F3 (Popup, 23F)
Bottom of the 3rd over - 0 run(s), 0 hit(s), 0 error(s), 3 left on base; San Jose 2 - Gresham 2
TOP OF THE 4TH
San Jose Missions batting - Pitching for Gresham Gold Souls : RHP Isaac Coleman
Batting: RHB Scott Merritt 0-0: Called Strike
0-1: Called Strike
0-2: Ball
1-2: Strikes out swinging
Batting: RHB Dale Taylor 0-0: Foul Ball, location: 2F
0-1: Ball
1-1: Ball
2-1: Foul Ball, location: 2F
2-2: Ground out 6-3 (Groundball, 6)
Batting: LHB Mel Jones 0-0: Called Strike
0-1: Ball
1-1: Called Strike
1-2: Foul Ball, location: 2F
1-2: Fly out, F8 (Flyball, 8LXD)
Top of the 4th over - 0 run(s), 0 hit(s), 0 error(s), 0 left on base; San Jose 2 - Gresham 2
BOTTOM OF THE 4TH
Gresham Gold Souls batting - Pitching for San Jose Missions : RHP José Reyes
Batting: RHB Matt Davidson 0-0: Called Strike
0-1: Ball
1-1: Foul Ball, location: 2F
1-2: Hit by Pitch
Batting: LHB Salvador Ruíz 0-0: SINGLE (Line Drive, 4D)
Matt Davidson to second
Batting: RHB Luke McIndoe 0-0: Foul Ball, location: 2F
0-1: Ball
1-1: SINGLE (Groundball, 2L) (infield hit)
Matt Davidson to third
Salvador Ruíz to second
Batting: LHB Jeff Doss 0-0: Called Strike
0-1: Ball
1-1: Foul Ball, location: 2F
1-2: SINGLE (Line Drive, 5)
Matt Davidson scores
Salvador Ruíz to third
Luke McIndoe to second
Runner from 3rd tries for Home, SAFE, no throw or cutoff
Batting: RHB Carlos García 0-0: Foul Ball, location: 2F
0-1: Swinging Strike
0-2: Ball
1-2: Fly out, F8 (Flyball, 8LXD)
Runner from 2nd tags up, SAFE at 3rd, no throw
Batting: RHB Jesús Gutiérrez 0-0: Fly out, F7 (Flyball, 7M)
Batting: RHB Lorenzo Morín 0-0: Called Strike
0-1: Fly out, F3 (Popup, 3F)
Bottom of the 4th over - 2 run(s), 3 hit(s), 0 error(s), 2 left on base; San Jose 2 - Gresham 4
TOP OF THE 5TH
San Jose Missions batting - Pitching for Gresham Gold Souls : RHP Isaac Coleman
Batting: RHB Andrew Benson 0-0: Ball
1-0: Ball
2-0: Foul Ball, location: 2F
2-1: SINGLE (Line Drive, 3D)
Batting: RHB Irwin Duncan 0-0: Ball
1-0: Ball
2-0: Swinging Strike
2-1: Called Strike
2-2: Foul Ball, location: 2F
2-2: Ball
3-2: SINGLE (Groundball, 4D)
Andrew Benson to second
Runner from 2nd tries for 3rd, SAFE, no throw or cutoff
Batting: RHB Culley Douglas 0-0: Called Strike
0-1: Ball
1-1: Foul Ball, location: 2F
1-2: Grounds into double play, 1-6-3 (Groundball, 13)
Batting: RHB Dale O'Feennaghty 0-0: Ball
1-0: Ball
2-0: Called Strike
2-1: Swinging Strike
2-2: Strikes out looking
Top of the 5th over - 0 run(s), 2 hit(s), 0 error(s), 1 left on base; San Jose 2 - Gresham 4
BOTTOM OF THE 5TH
Gresham Gold Souls batting - Pitching for San Jose Missions : RHP José Reyes
Batting: RHB Pablo Lucero 0-0: Foul Ball, location: 2F
0-1: Ground out 6-3 (Groundball, 6M)
Batting: RHB Peter Hensley 0-0: Called Strike
0-1: Fly out, F9 (Flyball, 9LD)
Batting: RHB Matt Davidson 0-0: Foul Ball, location: 2F
0-1: Swinging Strike
0-2: Ball
1-2: Ball
2-2: Ball
3-2: Base on Balls
Batting: LHB Salvador Ruíz 0-0: Foul Ball, location: 2F
0-1: Fly out, F2 (Popup, 2LF)
Bottom of the 5th over - 0 run(s), 0 hit(s), 0 error(s), 1 left on base; San Jose 2 - Gresham 4
TOP OF THE 6TH
San Jose Missions batting - Pitching for Gresham Gold Souls : RHP Isaac Coleman
Batting: RHB Peyton Pennington 0-0: Ball
1-0: Foul Ball, location: 2F
1-1: Swinging Strike
1-2: Ground out 5-3 (Groundball, 56S)
Batting: RHB Jorge Díaz 0-0: Called Strike
0-1: SINGLE (Line Drive, 89S)
Batting: RHB Scott Merritt 0-0: Called Strike
0-1: Grounds into double play, 6-4-3 (Groundball, 6)
Top of the 6th over - 0 run(s), 1 hit(s), 0 error(s), 0 left on base; San Jose 2 - Gresham 4
BOTTOM OF THE 6TH
Gresham Gold Souls batting - Pitching for San Jose Missions : RHP José Reyes
Batting: RHB Luke McIndoe 0-0: Called Strike
0-1: Fly out, F6 (Popup, 5DF)
Batting: LHB Jeff Doss 0-0: Ball
1-0: Swinging Strike
1-1: Ball
2-1: Ball
3-1: Foul Ball, location: 2F
3-2: Base on Balls
Pitching: LHP Morgan O'Day
Batting: RHB Carlos García 0-0: Ball
1-0: Ball
2-0: Ball
3-0: Called Strike
3-1: Base on Balls
Jeff Doss to second
Batting: RHB Jesús Gutiérrez 0-0: Called Strike
0-1: Ball
1-1: Grounds into double play, 6-4-3 (Groundball, 6M)
Bottom of the 6th over - 0 run(s), 0 hit(s), 0 error(s), 1 left on base; San Jose 2 - Gresham 4
TOP OF THE 7TH
San Jose Missions batting - Pitching for Gresham Gold Souls : RHP Isaac Coleman
Batting: RHB Dale Taylor 0-0: Foul Ball, location: 2F
0-1: Ground out 6-3 (Groundball, 6)
Batting: LHB Mel Jones 0-0: Ball
1-0: Ground out 6-3 (Groundball, 6)
Batting: RHB Andrew Benson 0-0: Ball
1-0: DOUBLE (Line Drive, 5D)
Batting: RHB Irwin Duncan 0-0: Ball
1-0: Foul Ball, location: 2F
1-1: Foul Ball, location: 2F
1-2: Strikes out looking
Top of the 7th over - 0 run(s), 1 hit(s), 0 error(s), 1 left on base; San Jose 2 - Gresham 4
BOTTOM OF THE 7TH
Gresham Gold Souls batting - Pitching for San Jose Missions : LHP Morgan O'Day
Batting: RHB Lorenzo Morín 0-0: Ball
1-0: Ball
2-0: Ball
3-0: Called Strike
3-1: Base on Balls
Batting: RHB Pablo Lucero 0-0: Swinging Strike
0-1: Fly out, F5 (Popup, 56)
Batting: RHB Peter Hensley 0-0: Ball
1-0: Ball
2-0: Called Strike
2-1: Ball
3-1: Foul Ball, location: 2F
3-2: Foul Ball, location: 2F
3-2: SINGLE (Groundball, 5D)
Lorenzo Morín to second
Batting: RHB Matt Davidson 0-0: Ball
1-0: Swinging Strike
1-1: Ball
2-1: Swinging Strike
2-2: Ball
3-2: Base on Balls
Lorenzo Morín to third
Peter Hensley to second
Pinch Hitting: RHB Pablo Castillo 0-0: Ball
1-0: Called Strike
1-1: Swinging Strike
1-2: Ball
2-2: Strikes out looking
Batting: RHB Luke McIndoe 0-0: Called Strike
0-1: Ball
1-1: Fly out, F7 (Flyball, 78XD)
Bottom of the 7th over - 0 run(s), 1 hit(s), 0 error(s), 3 left on base; San Jose 2 - Gresham 4
TOP OF THE 8TH
San Jose Missions batting - Pitching for Gresham Gold Souls : RHP Isaac Coleman
Now in CF: George Jost
Batting: RHB Culley Douglas 0-0: Swinging Strike
0-1: Swinging Strike
0-2: Ball
1-2: Foul Ball, location: 2F
1-2: Strikes out looking
Batting: RHB Dale O'Feennaghty 0-0: Fly out, F7 (Flyball, 7M)
Batting: RHB Peyton Pennington 0-0: Called Strike
0-1: Ball
1-1: Ball
2-1: Ball
3-1: Base on Balls
Batting: RHB Jorge Díaz 0-0: Called Strike
0-1: Foul Ball, location: 2F
0-2: Ball
1-2: Ground out 1-3 (Groundball, 15)
Top of the 8th over - 0 run(s), 0 hit(s), 0 error(s), 1 left on base; San Jose 2 - Gresham 4
BOTTOM OF THE 8TH
Gresham Gold Souls batting - Pitching for San Jose Missions : LHP Morgan O'Day
Batting: LHB Jeff Doss 0-0: Foul Ball, location: 2F
0-1: Swinging Strike
0-2: Ball
1-2: Ball
2-2: Foul Ball, location: 2F
2-2: Strikes out swinging
Pitching: RHP David Bates
Batting: RHB Carlos García 0-0: Ball
1-0: Ball
2-0: Foul Ball, location: 2F
2-1: Ball
3-1: Base on Balls
Batting: RHB Jesús Gutiérrez 0-0: Ball
1-0: Called Strike
1-1: Ball
2-1: Ball
3-1: Fly out, F8 (Flyball, 8RM)
Batting: RHB Lorenzo Morín 0-0: Ball
1-0: Called Strike
1-1: Ball
2-1: Fly out, F8 (Flyball, 8RD)
Bottom of the 8th over - 0 run(s), 0 hit(s), 0 error(s), 1 left on base; San Jose 2 - Gresham 4
TOP OF THE 9TH
San Jose Missions batting - Pitching for Gresham Gold Souls : RHP Isaac Coleman
Pitching: LHP Rob Greene
Batting: RHB Scott Merritt 0-0: Called Strike
0-1: Fly out, F3 (Line Drive, 3S)
Batting: RHB Dale Taylor 0-0: Called Strike
0-1: Ball
1-1: Ball
2-1: Swinging Strike
2-2: SINGLE (Groundball, 6MD)
Batting: LHB Mel Jones 0-0: Ball
1-0: Ball
2-0: Called Strike
2-1: Ball
3-1: Base on Balls
Dale Taylor to second
Batting: RHB Andrew Benson 0-0: Called Strike
0-1: Called Strike
0-2: Ball
1-2: Ball
2-2: Foul Ball, location: 2F
2-2: Strikes out looking
Batting: RHB Irwin Duncan 0-0: Called Strike
0-1: Ball
1-1: Ball
2-1: Foul Ball, location: 2F
2-2: Ball
3-2: DOUBLE (Groundball, 5L)
Dale Taylor scores
Mel Jones to third
Mel Jones scores
Batting: RHB Culley Douglas 0-0: Ball
1-0: Ball
2-0: Swinging Strike
2-1: Foul Ball, location: 2F
2-2: SINGLE (Groundball, 56)
Irwin Duncan to third
Runner from 3rd tries for Home, throw and OUT!
Top of the 9th over - 2 run(s), 3 hit(s), 0 error(s), 1 left on base; San Jose 4 - Gresham 4
BOTTOM OF THE 9TH
Gresham Gold Souls batting - Pitching for San Jose Missions : RHP David Bates
Batting: RHB Pablo Lucero 0-0: Hit by Pitch
Batting: RHB Peter Hensley 0-0: Ball
1-0: Ball
2-0: Grounds into double play, U6-3 (Groundball, 6M)
Pinch Hitting: LHB Bill Smith 0-0: SINGLE (Line Drive, 8RS)
Pinch Hitting: SHB Todd Smith 0-0: Called Strike
0-1: Ball
1-1: Fly out, F7 (Popup, 78S)
Bottom of the 9th over - 0 run(s), 1 hit(s), 0 error(s), 1 left on base; San Jose 4 - Gresham 4
TOP OF THE 10TH
San Jose Missions batting - Pitching for Gresham Gold Souls : LHP Rob Greene
Now at 3B: Sean Carr
Now in CF: Todd Smith
Pinch Hitting: RHB Cal Keys 0-0: Foul Ball, location: 2F
0-1: Foul Ball, location: 2F
0-2: Foul Ball, location: 2F
0-2: Strikes out swinging
Batting: RHB Peyton Pennington 0-0: Ball
1-0: Fly out, F7 (Popup, 7S)
Batting: RHB Jorge Díaz 0-0: DOUBLE (Line Drive, 89M)
Batting: RHB Scott Merritt 0-0: Ball
1-0: Called Strike
1-1: Ground out 3-1 (Groundball, 34)
Top of the 10th over - 0 run(s), 1 hit(s), 0 error(s), 1 left on base; San Jose 4 - Gresham 4
BOTTOM OF THE 10TH
Gresham Gold Souls batting - Pitching for San Jose Missions : RHP David Bates
Now at C: Elliott Rucker
Pinch Hitting: LHB Jeff McKinney 0-0: Ball
1-0: Ball
2-0: Ball
3-0: Base on Balls
Batting: LHB Jeff Doss 0-0: Ball
1-0: Bunted foul
1-1: Ball
2-1: Bunt missed!
2-2: Ball
3-2: Fly out, F7 (Flyball, 7M)
Batting: RHB Carlos García 0-0: Swinging Strike
0-1: Ball
1-1: Ball
2-1: Ball
3-1: Base on Balls
Jeff McKinney to second
Batting: RHB Jesús Gutiérrez 0-0: Called Strike
0-1: Ball
1-1: Foul Ball, location: 2F
1-2: Fly out, F8 (Flyball, 89M)
Batting: RHB Lorenzo Morín 0-0: Called Strike
0-1: Fly out, F9 (Flyball, 9D)
Bottom of the 10th over - 0 run(s), 0 hit(s), 0 error(s), 2 left on base; San Jose 4 - Gresham 4
TOP OF THE 11TH
San Jose Missions batting - Pitching for Gresham Gold Souls : LHP Rob Greene
Pitching: RHP Robbie O'Neil
Now at C: Alejandro Martínez
Batting: RHB Dale Taylor 0-0: Called Strike
0-1: Ball
1-1: Swinging Strike
1-2: Foul Ball, location: 2F
1-2: Ball
2-2: Foul Ball, location: 2F
2-2: Ball
3-2: Strikes out swinging
Batting: LHB Mel Jones 0-0: Ball
1-0: Ball
2-0: Ball
3-0: Called Strike
3-1: Called Strike
3-2: Base on Balls
Batting: RHB Andrew Benson 0-0: Ball
1-0: Called Strike
1-1: Ground out 5-3 (Groundball, 5)
Mel Jones to second
Batting: RHB Irwin Duncan 0-0: Foul Ball, location: 2F
0-1: Swinging Strike
0-2: Ball
1-2: Strikes out looking
Top of the 11th over - 0 run(s), 0 hit(s), 0 error(s), 1 left on base; San Jose 4 - Gresham 4
BOTTOM OF THE 11TH
Gresham Gold Souls batting - Pitching for San Jose Missions : RHP David Bates
Pitching: RHP Carlos Ledezma
Batting: RHB Pablo Lucero 0-0: Called Strike
0-1: Ball
1-1: SINGLE (Flyball, 9LM)
Batting: RHB Peter Hensley 0-0: Ball
1-0: Foul Ball, location: 2F
1-1: Swinging Strike
1-2: Ball
2-2: Foul Ball, location: 2F
2-2: Reached on error, E4 (Groundball, 4)
Pablo Lucero to second
Batting: SHB Sean Carr 0-0: Called Strike
0-1: Foul Ball, location: 2F
0-2: Ball
1-2: Ball
2-2: Ball
3-2: Strikes out looking
Batting: SHB Todd Smith 0-0: Ball
1-0: Ball
2-0: Called Strike
2-1: Swinging Strike
2-2: Ball
3-2: SINGLE (Groundball, 6MD)
Pablo Lucero to third
Peter Hensley to second
Batting: RHB Alejandro Martínez 0-0: Foul Ball, location: 2F
0-1: SINGLE (Line Drive, 6D)
Pablo Lucero scores
Monday, December 5th, 2016 - OOTP Baseball 17.12 Build 75